 Dungeon Crawl Stone Soup version 0.23.2-1-ga50397a (webtiles) character file.

Game seed: 16318739201095805553

114 skittles the Shooter (level 4, -6/36 HPs)
             Began as a Centaur Hunter on Apr 28, 2019.
             Was an Initiate of the Shining One.
             Mangled by a worm (7 damage)
             ... on level 3 of the Dungeon.
             The game lasted 00:06:09 (2441 turns).

skittles the Shooter (Centaur Hunter)               Turns: 2441, Time: 00:06:10

Health: -6/36      AC:  6    Str: 15    XL:     4   Next: 67%
Magic:  0/4        EV:  9    Int: 10    God:    the Shining One [......]
Gold:   143        SH:  0    Dex: 10    Spells: 3/3 levels left

rFire    . . .     SeeInvis .   j - +0 spear
rCold    . . .     Gourm    .   (no shield)
rNeg     . . .     Faith    .   g - +2 leather armour
rPois    .         Spirit   .   (no helmet)
rElec    .         Reflect  .   (no cloak)
rCorr    .         Harm     .   (no gloves)
MR       .....                  (no barding)
Stlth    +.........             (no amulet)
HPRegen  0.12/turn              (no ring)
MPRegen  0.09/turn              (no ring)

@: hasted, glowing, very quick
A: large, hooves 3, deformed body, speed 2, mutation resistance 1, tough skin 3
a: Renounce Religion


You were on level 3 of the Dungeon.
You worshipped the Shining One.
The Shining One was noncommittal.
You were not hungry.

You visited 1 branch of the dungeon, and saw 3 of its levels.

You collected 143 gold pieces.

Inventory:

Hand Weapons
 a - a +1 shortbow
 b - a +0 short sword
 h - a +0 club
 j - a +0 spear (weapon)
 k - a +0 club
Missiles
 d - 27 arrows
 e - 125 stones (quivered)
Armour
 c - a +0 leather armour
 g - a +2 leather armour (worn)
Jewellery
 i - a +3 ring of evasion {unknown}
 x - an uncursed ring of poison resistance {unknown}
Scrolls
 m - a scroll of identify {unknown}
 o - 3 scrolls of teleportation
 t - a scroll of immolation {unknown}
 v - a scroll of blinking {unknown}
 w - 2 scrolls of remove curse
Potions
 l - a potion of agility
 n - 2 potions of brilliance
 p - 2 potions of cancellation
Comestibles
 f - 3 rations
 u - 4 chunks of flesh


   Skills:
 - Level 2.0 Fighting
 * Level 1.6 Polearms
 * Level 6.9 Bows
 + Level 2.2 Throwing
 - Level 1.3 Dodging
 - Level 0.4 Stealth


You had 3 spell levels left.
You didn't know any spells.
Your spell library was empty.

Dungeon Overview and Level Annotations

Branches:
Dungeon (3/15)

Altars:
The Shining One


Innate Abilities, Weirdness & Mutations

You have hooves in place of feet.
Armour fits poorly on your strangely shaped body.
You cover ground very quickly.
You have extremely tough skin. (AC +3)
You are somewhat resistant to further mutation.


Message History

It was a potion of cancellation.
Your magical effects are unravelling.
You feel magically purged.
You feel a little less clever now.
You feel a little less agile now. The orc hits you but does no damage.
The worm bites you but does no damage.
It was a potion of mutation.
You feel extremely strange.
You feel genetically stable.
The orc hits you with a +4 antimagic hand axe.
* * * LOW HITPOINT WARNING * * *
It was a potion of curing.
You feel better. The worm barely misses you. The orc closely misses you.
You feel better.
The orc hits you with a +4 antimagic hand axe!
* * * LOW HITPOINT WARNING * * *
The worm bites you but does no damage.
It was a potion of haste.
You feel yourself speed up.
The orc hits you with a +4 antimagic hand axe.
* * * LOW HITPOINT WARNING * * *
You hit the orc but do no damage. Your kick misses the orc. The worm bites you!
You die...

##..>#+## #.#
#.......# .#####.#
+.......##........
#.......##########
#.......<.........
#.......##########
#.......+ .......
#######.......#
#######
.......@.....<+
......wo$.....#
.............<#
..............#
..............#
..............#
...?..........#
..............#


You could see a worm and an orc.

Vanquished Creatures
  A hound skeleton (D:2)
  2 adders (D:2)
  2 dart slugs
  2 leopard geckos
  4 orcs (D:3)
  2 ball pythons (D:1)
  5 giant cockroaches
  6 goblins
  9 hobgoblins
  7 jackals
  A quokka (D:2)
  8 bats
  6 frilled lizards
  7 kobolds
  8 rats
70 creatures vanquished.

Notes
Turn   | Place    | Note
-------+----------+-------------------------------------------
     0 | D:1      | skittles the Centaur Hunter began the quest for the Orb.
     0 | D:1      | Reached XP level 1. HP: 17/17 MP: 1/1
   182 | D:1      | Reached skill level 1 in Throwing
   182 | D:1      | Reached XP level 2. HP: 24/24 MP: 2/2
   311 | D:1      | Reached skill level 6 in Bows
   357 | D:1      | Reached XP level 3. HP: 6/29 MP: 3/3
  1144 | D:2      | Reached skill level 1 in Polearms
  1179 | D:2      | Reached XP level 4. HP: 22/36 MP: 4/4
  1885 | D:2      | Found a glowing golden altar of the Shining One.
  2135 | D:2      | Became a worshipper of the Shining One
  2437 | D:3      | Gained mutation: You are somewhat resistant to further
                  | mutation. [potion of mutation]
  2437 | D:3      | HP: 1/36 [orc/+4 antimagic hand axe (4)]
  2441 | D:3      | Mangled by a worm

Skill      XL: |  1  2  3  4 |
---------------+-------------+-----
Throwing       | 1 2 |  2.2
Bows           | 6 |  6.9
Polearms       | 1 |  1.6
Fighting       | |  2.0
Dodging        | |  1.3
Stealth        | |  0.4

Action                   |  1- 3 |  4- 6 || total
-------------------------+-------+-------++-------
Melee: Club              |    11 |       ||    11
       Kick              |    12 |    10 ||    22
       Spear             |    61 |   119 ||   180
 Fire: Shortbow          |    49 |     2 ||    51
Throw: Stone             |     3 |     8 ||    11
  Use: Scroll            |     5 |       ||     5
       Potion            |       |     7 ||     7
  Eat: Chunk             |       |     4 ||     4
Armor: Leather armour    |    45 |    59 ||   104
Dodge: Dodged            |    53 |    58 ||   111
